 Dungeon Crawl Stone Soup version 0.32-a0-540-g866d13106e (webtiles) character file.

Game seed: 13005441406729882352

32 Atlas the Firebug (level 3, -1/24 HPs)
             Began as a Demonspawn Fire Elementalist on Feb 28, 2024.
             Frozen to death by an endoplasm (5 damage)
             ... on level 2 of the Dungeon.
             The game lasted 00:01:30 (1413 turns).

Atlas the Firebug (Demonspawn Fire Elementalist)    Turns: 1413, Time: 00:01:30

Health: -1/24      AC:  3    Str:  8    XL:     3   Next: 8%
Magic:  6/6        EV: 26    Int: 17    God:
Gold:   56         SH:  4    Dex: 13    Spells: 5/6 levels left

rFire   . . .        (no weapon)
rCold   . . .        (no shield)
rNeg    . . .        j - +0 leather armour
rPois   .            (helmet restricted)
rElec   .            (no cloak)
rCorr   .            (no gloves)
SInv    .            (no boots)
Will    .....        g - amulet of the acrobat
Stlth   ++           (no ring)
HPRegen 0.24/turn    (no ring)
MPRegen 0.10/turn

%: acrobat
@: acrobatic
A: horns 1, condensation shield
a: no special abilities


You were on level 2 of the Dungeon.
You visited 1 branch of the dungeon, and saw 2 of its levels.

You collected 56 gold pieces.

Inventory:

Armour
 a - a +0 robe
 j - a +0 leather armour (worn)
Jewellery
 g - an amulet of the acrobat (around neck)
Scrolls
 f - a scroll of noise {unknown}
 i - 2 scrolls of revelation {unknown}
 k - 2 scrolls of teleportation {unknown}
 l - 2 scrolls of enchant armour {unknown}
 m - 4 scrolls of identify {unknown}
 o - a scroll of immolation {unknown}
Potions
 b - a potion of magic
 c - a potion of curing {unknown}
 d - a potion of brilliance {unknown}
 e - 2 potions of lignification {unknown}
 h - a potion of resistance {unknown}
 n - a potion of berserk rage {unknown}


   Skills:
 + Level 0.6 Armour
 + Level 2.0 Dodging
 + Level 1.9 Stealth
 + Level 2.3 Spellcasting
 + Level 1.2 Conjurations
 + Level 3.2 Fire Magic


You had 5 spell levels left.
You knew the following spells:

 Your Spells              Type           Power      Damage    Failure   Level
a - Foxfire               Conj/Fire      36%        2x1d5     11%         1

Your spell library contained the following spells:

 Spells                   Type           Power      Damage    Failure   Level
 Scorch                   Fire           24%        2d6       11%         2
 Cigotuvi's Dreadful Rot  Necr/Alch/Air  2%         N/A       36%         2
 Inner Flame              Hex/Fire       7%         N/A       38%         3
 Volatile Blastmotes      Fire/Tloc      14%        2d11      38%         3
 Flame Wave               Conj/Fire      9%         2d6       71%         4
 Dispel Undead            Necr           1%         3d6       95%         4
 Martyr's Knell           Necr/Summ      1%         N/A       95%         4
 Death Channel            Necr           0%         N/A       100%        6


Dungeon Overview and Level Annotations

Branches:
Dungeon (2/15)

Altars:


Innate Abilities, Weirdness & Mutations

You have a pair of small horns on your head.
A meltable shield of frost defends you. (SH +4)


Message History

You are frozen.
The endoplasm freezes you.
You are frozen.
The endoplasm completely misses you. The endoplasm completely misses you.
The endoplasm completely misses you. The endoplasm freezes you.
You are frozen.
You block the endoplasm's attack. You block the endoplasm's attack.
The endoplasm misses you. The endoplasm freezes you.
You are frozen.
The endoplasm freezes you.
You are frozen.
The endoplasm completely misses you. The endoplasm closely misses you.
The endoplasm freezes you.
You are frozen.
The endoplasm misses you. You block the endoplasm's attack.
The endoplasm completely misses you. The endoplasm barely misses you.
The endoplasm completely misses you. The endoplasm freezes you.
You are frozen.
* * * LOW HITPOINT WARNING * * *
The endoplasm hits you but does no damage.
The endoplasm freezes you.
You are frozen.
* * * LOW HITPOINT WARNING * * *
The endoplasm completely misses you.
The endoplasm hits you but does no damage.
The endoplasm completely misses you. The endoplasm freezes you.
You are frozen.
* * * LOW HITPOINT WARNING * * *
The endoplasm freezes you.
You are frozen.
You die...

#.# ### #.# ..#
#.# # #.# #.#.#
#.# ##.#.# #.#
#.# .... #.#
#.# #######J#
#.# #.#
#......@# #.#
#.# #.#######
..# #.###.##
######.##.#.##
....##.#.###.##
###.##..##
##.#######.
.......##
##........
........##
##.########
###.####.###.##


You could see an endoplasm.

Vanquished Creatures
  An adder (D:2)
  A ball python (D:1)
  2 giant cockroaches (D:1)
  A goblin (D:1)
  2 hobgoblins (D:1)
  2 jackals (D:1)
  A quokka (D:2)
  2 bats (D:1)
  3 frilled lizards (D:1)
  2 kobolds (D:1)
  5 rats (D:1)
22 creatures vanquished.

Vanquished Creatures (others)
  69 foxfires
69 creatures vanquished.

Grand Total: 91 creatures vanquished

Notes
Turn   | Place    | Note
-------+----------+-------------------------------------------
     0 | D:1      | Atlas the Demonspawn Fire Elementalist began the quest for
                  | the Orb.
     0 | D:1      | Reached XP level 1. HP: 13/13 MP: 3/3
   214 | D:1      | Reached skill level 3 in Fire Magic
   330 | D:1      | Gained mutation: A meltable shield of frost defends you.
                  | (SH +4) [demonic ancestry]
   330 | D:1      | Reached XP level 2. HP: 19/19 MP: 0/5
  1218 | D:2      | Gained mutation: You have a pair of small horns on your
                  | head. [demonic ancestry]
  1218 | D:2      | Reached XP level 3. HP: 18/24 MP: 0/6
  1413 | D:2      | Frozen to death by an endoplasm

Illustrated notes

Levels and vault maps discovered:
D:1:      minmay_arrival_plants_in_alcoves, layout_basic, corexii_hall_statues_l
D:2:      layout_loops_ring

Skill      XL: |  1  2 |
---------------+-------+-----
Fire Magic     | 3 |  3.2
Dodging        | 2 |  2.0
Armour         | |  0.6
Stealth        | |  1.9
Spellcasting   | |  2.3
Conjurations   | |  1.2

Action                     || total
---------------------------++-------
  Melee: Unarmed           ||    26
   Cast: Foxfire           ||    43
 Armour: Robe              ||     1
         Leather armour    ||    16
  Dodge: Dodged            ||    48
  Block: Other             ||    10

Table legend: (Time is in decaauts)
 A = Elapsed time spent in this place.
 B = Non-inter-level travel time spent in this place.
 C = Inter-level travel time spent in this place.
 D = Time resting spent in this place.
 E = Time spent auto-exploring this place.
 F = Levels seen in this place.
 G = Mean time per level.
                   A        B        C        D        E       F      G
               +--------+--------+--------+--------+--------+-----+--------+
         Total |   1412 |   1390 |     22 |      0 |   1191 |   2 |  706.0 |
       Dungeon |   1412 |   1390 |     22 |      0 |   1191 |   2 |  706.0 |
               +--------+--------+--------+--------+--------+-----+--------+

Top non-repeatable levels by time:
     D:1: 1194 daAuts
     D:2: 218 daAuts
